AoeStats
← Bartoz

Nomad

510799782Analyzed
2v2 RM · 20h ago on Oct 2, 2026· 43m 54s· 4 players
Game mode
Random Map
Map size
176×176
Population
200
Speed
Normal
Resources
Standard
Victory
Conquest
Starting age
Dark Age
Ending age
Imperial Age
RankedLock teamsTeams togetherTeam positionsShared explorationLock speedFull tech treeHidden civsTurbo modeCheats
Victory
Defeat
🇪🇸 Burgundians · Spain
782
+15
🇦🇺 Byzantines · Australia
761
+16
🇷🇴 Bengalis · Romania
839
-19
🇨🇱 Mongols · Chile
679
-12
TIlteD
16:40 Feudal Age
17:53 Double-Bit Axe
18:00 Gold Mining
19:05 Gold Mining
26:05 Castle Age
28:24 Crossbowman
29:12 Fletching
29:23 Padded Archer Armor
30:03 Bodkin Arrow
39:32 Imperial Age
39:24 Leather Archer Armor
39:06 Loom
39:39 Horse Collar
41:35 Heavy Plow
42:18 Arbalester
43:05 Thumb Ring
serto4713
12:18 Loom
13:17 Wheelbarrow
15:43 Feudal Age
16:13 Town Watch
21:23 Castle Age
19:40 Scale Barding Armor
20:27 Forging
21:51 Cavalier
22:31 Husbandry
24:39 Double-Bit Axe
34:06 Horse Collar
36:27 Heavy Plow
36:41 Bow Saw
37:06 Chain Barding Armor
39:04 Iron Casting
40:05 Two-Man Saw
41:11 Fletching
44:23 Burgundian Vineyards
catalinpopflorin
3:37 Loom
16:05 Feudal Age
16:52 Double-Bit Axe
16:52 Horse Collar
17:29 Fishing Lines
18:33 Wheelbarrow
18:02 Gold Mining
20:40 Town Watch
24:12 Castle Age
22:37 Fletching
22:48 Padded Archer Armor
24:49 Demolition Ship
25:26 Gillnets
26:24 Gold Shaft Mining
27:13 Bow Saw
27:40 Stone Mining
29:15 Leather Archer Armor
28:55 Bodkin Arrow
29:17 Medium Warships
30:41 Siphons
30:50 Pikeman
31:31 Squires
31:17 Arson
31:32 Murder Holes
32:18 Scale Mail Armor
32:29 Forging
34:54 Chain Mail Armor
37:29 Heavy Plow
39:37 Hand Cart
43:46 Imperial Age
42:54 Iron Casting
Bartoz
5:23 Loom
16:31 Feudal Age
17:00 Double-Bit Axe
17:30 Horse Collar
19:15 Wheelbarrow
18:27 Town Watch
21:26 Forging
21:08 Fletching
21:19 Scale Mail Armor
21:25 Man-at-Arms
21:54 Arson
24:44 Padded Archer Armor
Connection lost

Rejoining the realm…

Still unreachable

The connection could not be restored.

Session expired

The server has moved on; the page needs a fresh start.